cohdb
Replays
Latest Replays
All Replays
Popular Replays
Top Player Replays
Match Explorer
How It Works
Community
CoH3 Stats
Reddit
Sign in to upload your games and track your stats! →
Sign in with Steam
Match 45473233
Unlisted
Match 45473233
Overview
Messages
Build Orders
End
Kradschützen Motorcycle Team
Selects Italian Combined Arms Battlegroup
Selects Bersaglieri Squad
Bersaglieri Squad
Bersaglieri Squad
Bersaglieri Squad
Panzerpioneer Squad
Selects Bersaglieri Bolster
Construct Light Support Kompanie
Fire Support Elements
Flakvierling Half-track
50584sh
KevinTDW
0
0
Comments
sign in to comment!
No comments posted yet!